 Dungeon Crawl Stone Soup version 0.31-a0-216-g22e908daa7 (webtiles) character file.

Game seed: 5919722665048752161

53 qw the Shooter (level 3, -5/21 HPs)
             Began as a Gargoyle Hexslinger on July 2, 2023.
             Was an Initiate of Okawaru.
             Slain by a gnoll
             ... wielding a +0 flail
              (9 damage)
             ... on level 2 of the Dungeon.
             The game lasted 00:00:27 (1106 turns).

qw the Shooter (Gargoyle Hexslinger)                Turns: 1106, Time: 00:00:28

Health: -5/21      AC: 11    Str: 11    XL:     3   Next: 87%
Magic:  4/4        EV: 10    Int: 13    God:    Okawaru [......]
Gold:   57         SH:  0    Dex: 14    Spells: 3/4 levels left

rFire   . . .        Y - +1 sling
rCold   . . .        (no shield)
rNeg    + . .        h - +3 ring mail {rPois}
rPois   inf          (no helmet)
rElec   +            (no cloak)
rCorr   .            (no gloves)
SInv    .            (no boots)
Will    .....        (no amulet)
Stlth   +            (no ring)
HPRegen 0.23/turn    (no ring)
MPRegen 0.09/turn

%: no passive effects
@: no status effects
A: sickness immunity, AC +3, negative energy resistance 1, electricity
resistance, torment resistance 1, petrification resistance
a: Renounce Religion


You were on level 2 of the Dungeon.
You worshipped Okawaru.
Okawaru was noncommittal.
You visited 1 branch of the dungeon, and saw 2 of its levels.

You collected 57 gold pieces.


Innate Abilities, Weirdness & Mutations

You are immune to sickness and miasma.
Your stone body is resilient. (AC +3)
You are immune to poison.
You resist negative energy. (rN+)
You are resistant to electric shocks. (rElec)
You are resistant to unholy torment.
You are immune to petrification.


   Skills:
 - Level 2.1 Fighting
 + Level 3.6 Ranged Weapons
 - Level 1.5 Dodging
 - Level 1.0 Spellcasting
 - Level 2.6 Hexes


You had 3 spell levels left.
You knew the following spells:

 Your Spells              Type           Power      Damage    Failure   Level
a - Slow                  Hex            28%        N/A       22%         1

Your spell library contained the following spells:

 Spells                   Type           Power      Damage    Failure   Level
 Inner Flame              Hex/Fire       4%         N/A       75%         3
 Portal Projectile        Hex/Tloc       8%         N/A       75%         3
 Cause Fear               Hex            3%         N/A       92%         4

Inventory:

Hand Weapons
 Y - a +1 sling (weapon)
Armour
 e - a +0 pair of boots
 h - a +3 ring mail of poison resistance (worn)
Jewellery
 k - a ring of fire
Potions
 a - a potion of haste {unknown}
 f - a potion of degeneration {unknown}

Dungeon Overview and Level Annotations

Branches:
Dungeon (2/15)

Altars:
Okawaru


Message History

You shoot a sling bullet. The sling bullet hits the gnoll.
You kill the gnoll!
Okawaru accepts your kill.
A rat comes into view.
The gnoll barely misses you.
You shoot a sling bullet. The sling bullet hits the gnoll.
The gnoll is moderately wounded.
The gnoll closely misses you.
You shoot a sling bullet. The sling bullet hits the gnoll!
The gnoll is severely wounded.
The gnoll hits you but does no damage.
You shoot a sling bullet.
The sling bullet closely misses the gnoll.
The gnoll barely misses you. The gnoll completely misses you.
The gnoll barely misses you. The gnoll hits you with a +0 flail.
You shoot a sling bullet.
The sling bullet hits the gnoll but does no damage.
The gnoll is heavily wounded.
The gnoll hits you but does no damage.
The gnoll hits you from afar with a +0 spear.
You shoot a sling bullet.
The sling bullet hits the gnoll but does no damage.
The gnoll is heavily wounded.
The gnoll closely misses you.
The gnoll hits you from afar with a +0 spear.
You shoot a sling bullet. The sling bullet hits the gnoll.
The gnoll is severely wounded.
The rat bites you but does no damage.
The gnoll hits you but does no damage. x3
The rat barely misses you. The gnoll hits you but does no damage.
You shoot a sling bullet.
The sling bullet barely misses the gnoll.
The gnoll hits you with a +0 flail.
The gnoll hits you from afar with a +0 spear.
The rat bites you but does no damage.
You shoot a sling bullet.
The sling bullet closely misses the gnoll.
The rat closely misses you. The gnoll hits you but does no damage.
The gnoll hits you with a +0 flail! The gnoll closely misses you.
The gnoll hits you with a +0 flail!
You die...

.# ######.#######..#.##.#.#.###.
.# ######..........#.##.........
.# #......<.......##.####.#.....
.# #..........####..............
.# #............##.#.####...####
.####.........##.##.#.#.........#
...)'.........##.##.#........##.#
#####.........+..##.###.#.....# #
#.........#.@g#.# #.#.##....#
#.........#.r##.# #.#.# #####
#.........#.g##.# #.#.#
#.........#.)# #.#.#
##'######.#..# #.#.#
#.######.#..# ..#.#
##........#..# #'........#...
##........#


You could see 2 gnolls and a rat.

Vanquished Creatures
  2 gnolls (D:2)
  2 dart slugs (D:1)
  A ball python (D:1)
  An endoplasm (D:2)
  4 goblins (D:1)
  6 hobgoblins
  2 quokkas (D:1)
  2 frilled lizards (D:1)
  6 kobolds
  2 rats (D:1)
28 creatures vanquished.

Notes
Turn   | Place    | Note
-------+----------+-------------------------------------------
     0 | D:1      | qw the Gargoyle Hexslinger began the quest for the Orb.
     0 | D:1      | Reached XP level 1. HP: 12/12 MP: 2/2
     0 | D:1      | 0 ||| qw: Version: 0.3-a-35-g05ef00e
     0 | D:1      | 0 ||| qw: Game counter: 7800
     0 | D:1      | 0 ||| qw: Melee chars always use a shield: true
     0 | D:1      | 0 ||| qw: God list: Okawaru
     0 | D:1      | 0 ||| qw: Allow faded altars: false
     0 | D:1      | 0 ||| qw: Do Orc after clearing Dungeon:15 true
     0 | D:1      | 0 ||| qw: Do second Lair branch before Depths: true
     0 | D:1      | 0 ||| qw: Lair rune preference: random
     0 | D:1      | 0 ||| qw: Goals: Normal
     0 | D:1      | 0 ||| PLANNING D:1-11
   202 | D:1      | Reached XP level 2. HP: 16/16 MP: 3/3
   324 | D:1      | Reached skill level 3 in Ranged Weapons
   325 | D:1      | 325 ||| FLEEEEING.
   326 | D:1      | 326 ||| FLEEEEING.
   327 | D:1      | 327 ||| FLEEEEING.
   771 | D:1      | 771 ||| FLEEEEING.
   783 | D:1      | Reached XP level 3. HP: 21/21 MP: 4/4
   815 | D:1      | 815 ||| UPGRADING to +3 ring mail of poison resistance.
   825 | D:1      | 825 ||| DROPPING +0 robe.
   826 | D:1      | 826 ||| READING scroll labelled CITHYL CIPLYS.
   830 | D:1      | 830 ||| READING scroll labelled ECOJ TUUWKADYU.
   831 | D:1      | 831 ||| READING scroll labelled ZIQEIMO ATUMO.
   832 | D:1      | 832 ||| READING scroll labelled APUVISEGAI.
   833 | D:1      | 833 ||| DROPPING scroll of poison.
   926 | D:2      | Found an iron altar of Okawaru.
   927 | D:2      | 927 ||| PLANNING OKAWARU WORSHIP
   985 | D:2      | Became a worshipper of Warmaster Okawaru
   986 | D:2      | 986 ||| PLANNING D:1-11
  1106 | D:2      | HP: 4/21 [gnoll/+0 flail (7)]
  1106 | D:2      | Slain by a gnoll

Levels and vault maps discovered:
D:1:      shiori_arrival_oz, layout_basic, amcnicky_mini_pool_small
D:2:      layout_basic, basic_altar

Skill      XL: |  1  2 |
---------------+-------+-----
Ranged Weapons | 3 |  3.6
Fighting       | 2 |  2.1
Dodging        | |  1.5
Spellcasting   | |  1.0
Hexes          | |  2.6

Action                     || total
---------------------------++-------
   Fire: Sling             ||   106
    Use: Scroll            ||     4
 Armour: Robe              ||    11
         Ring mail         ||    16
  Dodge: Dodged            ||    39

Table legend:
 A = Non-vault XP
 B = Vault XP
 C = Vault XP percentage of total XP
 D = Non-vault monster count
 E = Vault monster count
 F = Vault count percentage of total count
                 A         B        C        D         E       F
            +---------+---------+-------+---------+---------+-------
      Total |      72 |       4 |   5.3 |      26 |       2 |   7.1
            +---------+---------+-------+---------+---------+-------
        D:1 |      38 |       4 |   9.5 |      21 |       2 |   8.7
        D:2 |      34 |       0 |   0.0 |       5 |       0 |   0.0
            +---------+---------+-------+---------+---------+-------
